Map: Automaton LE

Players

Elazer - Winner!

  • Race: Zerg Zerg
  • Spawn Location: 3:00

PtitDrogo

  • Race: Protoss Protoss
  • League: Grandmaster
  • Spawn Location: 9:00

Event: 2019 WCS Winter Europe

VOD

Have the link to the VOD?

Description

Time

  • Played on: March 23, 2019, 12:05 p.m.
  • Length: 22:16

All games in this series

Show
View Real Time Build Order
Export as new Build Order

Elazer Zerg - Winner!

Build Orders: Hatch First, Roach Hydra 

Get SALT Encoding   

  12  0:00  Drone  
  13  0:12  Overlord  
  13  0:18  Drone  
  14  0:31  Drone x2  
  16  0:49  Hatchery  
  15  0:52  Drone  
  15  0:56  Drone  
  17  0:59  Drone  
  18  1:10  Extractor  
  17  1:15  Spawning Pool  
  17  1:18  Drone  
  17  1:22  Drone  
  18  1:28  Drone  
  19  1:38  Drone  
  20  1:49  Drone  
  21  1:59  Overlord  
  21  2:01  Queen  
  21  2:02  Queen, Zergling x2  
  26  2:11  Zergling x2  
  26  2:12  Drone  
  29  2:22  Drone  
  29  2:23  Drone  
  30  2:34  Hatchery, Drone  
  30  2:36  Drone  
  31  2:42  Queen  
  33  2:48  Overlord  
  33  2:52  Overlord  
  33  2:56  Drone  
  33  2:58  Drone  
  34  3:08  Drone  
  34  3:11  Drone x2  
  37  3:13  Drone x4  
  37  3:18  Overlord  
  41  3:23  Queen  
  43  3:29  Lair  
  43  3:35  Roach Warren  
  43  3:37  Drone  
  43  3:38  Drone  
  44  3:46  Drone x4  
  48  3:49  Drone x2  
  48  3:53  Drone x2  
  52  3:57  Extractor  
  52  3:59  Overlord  
  52  4:00  Drone  
  52  4:05  Drone  
  52  4:06  Extractor  
  52  4:07  Overlord  
  52  4:09  Drone  
  53  4:20  Roach x5  
  53  4:23  Overlord  
  63  4:27  Overseer  
  63  4:28  Roach  
  65  4:31  Overseer  
  65  4:34  Overlord  
  65  4:35  Roach  
  67  4:39  Roach  
  67  4:43  Roach  
  71  4:47  Roach  
  71  4:49  Drone x5  
  78  5:02  Overlord  
  78  5:03  Drone x7  
  84  5:11  Glial Reconstitution  
  81  5:16  Drone x4  
  81  5:21  Queen  
  87  5:27  Drone  
  87  5:28  Drone x4  
  91  5:31  Extractor  
  91  5:32  Extractor  
  91  5:34  Extractor  
  91  5:35  Roach  
  91  5:36  Roach  
  93  5:46  Drone x4  
  93  5:47  Drone x2  
  95  5:57  Overlord, Drone x3  
  95  5:58  Drone  
  97  6:06  Overlord  
  97  6:09  Overlord  
  97  6:11  Overlord x3  
  97  6:24  Overlord  
  97  6:26  Drone  
  97  6:28  Roach x4  
  97  6:29  Hydralisk Den  
  97  6:31  Roach  
  97  6:32  Roach x2  
  111  6:35  Hatchery  
  111  6:38  Roach  
  111  6:39  Roach x2  
  116  6:46  Overlord  
  116  6:47  Drone  
  117  6:55  Overlord  
  117  7:00  Hydralisk x6, Muscular Augments  
  129  7:04  Roach  
  129  7:05  Roach  
  131  7:12  Drone x2  
  131  7:13  Drone  
  131  7:14  Drone x4  
  138  7:22  Hydralisk x5  
  146  7:30  Overlord  
  146  7:31  Drone x2  
  148  7:43  Drone x5  
  152  7:46  Overlord  
  151  7:51  Hydralisk x5  
  161  7:59  Overlord  
  161  8:00  Hydralisk x4  
  161  8:05  Drone x3  
  170  8:06  Extractor  
  170  8:12  Nydus Network, Overlord, Grooved Spines  
  168  8:14  Evolution Chamber  
  168  8:16  Overlord  
  167  8:22  Hydralisk x5  
  177  8:29  Overlord  
  177  8:34  Overlord  
  177  8:36  Hydralisk x5  
  177  8:39  Zerg Missile Weapons Level 1  
  187  8:49  Hydralisk x3  
  187  8:50  Hydralisk x2  
  197  9:01  Spine Crawler x2  
  197  9:02  Spine Crawler  
  193  9:09  Nydus Canal  
  191  9:10  Overlord  
  191  9:13  Roach x5  
  196  9:22  Overseer  
  192  9:25  Overlord  
  186  9:34  Hydralisk x4, Overlord  
  186  9:35  Hydralisk  
  186  9:36  Drone x3  
  186  9:37  Drone x3  
  196  9:39  Nydus Canal  
  196  9:49  Overseer  
  196  9:53  Overseer  
  196  9:54  Pneumatized Carapace  
  196  9:58  Hydralisk  
  196  9:59  Hydralisk x3  
  196  10:08  Overlord  
  196  10:10  Hydralisk x5  
  200  10:19  Overlord  
  200  10:22  Nydus Canal  
  200  10:25  Hydralisk  
  200  10:32  Hydralisk x2  
  182  10:43  Hydralisk x6  
  172  10:51  Hydralisk x8  
  172  10:54  Nydus Canal  
  186  10:59  Overlord  
  186  11:03  Roach  
  186  11:04  Roach x4  
  184  11:06  Nydus Canal  
  180  11:13  Drone x4  
  180  11:14  Drone x3  
  180  11:15  Roach  
  187  11:21  Hydralisk x3  
  187  11:31  Roach x4  
  187  11:32  Nydus Canal  
  195  11:33  Roach  
  195  11:37  Roach x2  
  195  11:41  Roach x2  
  195  11:46  Roach  
  193  11:48  Roach x3  
  193  11:56  Hydralisk x2, Nydus Canal  
  193  11:57  Hydralisk  
  187  12:03  Hydralisk, Roach x3  
  159  12:21  Hydralisk x7  
  161  12:29  Hydralisk x3  
  153  12:34  Hydralisk x2  
  137  12:39  Hydralisk x2  
  137  12:43  Hydralisk x2  
  119  13:01  Hydralisk x8  
  135  13:10  Zerg Missile Weapons Level 2  
  127  13:20  Hatchery  
  127  13:23  Hydralisk x5  
  127  13:26  Hydralisk  
  114  13:29  Hydralisk  
  106  13:39  Hydralisk x5  
  114  13:45  Drone x4  
  114  13:48  Nydus Canal  
  118  13:56  Roach  
  118  13:57  Roach x4  
  126  14:06  Roach x4  
  134  14:15  Hydralisk x4, Nydus Canal  
  140  14:27  Hydralisk x4  
  140  14:28  Hydralisk  
  150  14:32  Roach  
  151  14:39  Overseer  
  151  14:44  Roach  
  151  14:45  Roach x5  
  156  14:50  Roach x2  
  153  14:53  Overlord  
  125  15:00  Overseer  
  125  15:04  Hydralisk x3  
  123  15:08  Hydralisk  
  119  15:20  Drone  
  112  15:22  Hydralisk x2  
  116  15:36  Drone x7  
  116  15:40  Overseer  
  123  15:45  Drone x6  
  123  15:47  Drone x2  
  131  15:57  Drone  
  131  15:58  Drone x2  
  131  16:00  Drone x2  
  136  16:09  Hydralisk x7  
  150  16:23  Overseer  
  150  16:26  Roach x5  
  150  16:27  Roach x5  
  150  16:29  Overseer  
  170  16:33  Roach x5  
  178  16:53  Nydus Canal  
  178  16:56  Roach x2  
  178  16:57  Roach x9  
  178  16:58  Overseer  
  178  16:59  Overlord  
  200  17:03  Infestation Pit  
  200  17:07  Hydralisk x2  
  200  17:08  Nydus Canal  
  165  17:18  Roach  
  165  17:19  Roach x2  
  165  17:21  Roach x4  
  143  17:26  Hydralisk  
  121  17:31  Nydus Canal  
  111  17:38  Roach x4  
  111  17:42  Hydralisk  
  121  17:47  Nydus Canal  
  121  17:48  Hatchery  
  118  17:54  Roach x2  
  118  17:55  Queen  
  106  18:03  Hydralisk x2  
  110  18:06  Roach x3  
  118  18:13  Roach x4  
  118  18:16  Extractor, Drone x3  
  125  18:22  Drone x2  
  125  18:25  Drone  
  125  18:26  Overlord, Drone x3  
  129  18:29  Hydralisk x5  
  138  18:44  Hydralisk x5  
  140  18:53  Roach x3  
  140  18:54  Roach x4  
  144  18:58  Roach x3  
  148  19:10  Hydralisk x4  
  156  19:18  Roach x7  
  156  19:23  Overseer  
  166  19:28  Roach  
  166  19:29  Roach x6  
  172  19:33  Hydralisk  
  172  19:37  Hydralisk  
  166  19:40  Roach x4  
  174  20:02  Hydralisk  
  174  20:03  Hydralisk x6  
  184  20:27  Nydus Canal  
  184  20:30  Hydralisk x2  
  184  20:31  Hydralisk  
  184  20:32  Hatchery  
  181  20:35  Hydralisk  
  181  20:39  Hydralisk x5  
  181  20:42  Nydus Canal  
  179  20:46  Roach x3  
  161  20:51  Hydralisk x2  
  157  20:57  Hydralisk x2  
  157  20:59  Roach  
  147  21:07  Overseer  
  141  21:17  Overseer  
  137  21:19  Hydralisk x6  
  137  21:21  Nydus Canal  
  137  21:24  Drone  
  137  21:25  Drone x2  
  150  21:36  Hatchery  
  150  21:39  Nydus Canal  
  145  21:41  Roach x2  
  145  21:44  Roach x2  
  145  21:46  Roach  
  151  21:56  Overlord  
  148  22:03  Overseer  
Show
View Real Time Build Order
Export as new Build Order

PtitDrogo Protoss 

Build Orders: 1 Gate Expand, Archon Immortal, Archon Drop, Dark Templar Rush 

Get SALT Encoding   

  12  0:00  Probe  
  13  0:13  Probe  
  14  0:19  Pylon  
  14  0:25  Probe  
  15  0:29  Assimilator  
  15  0:35  Probe  
  16  0:43  Probe  
  16  0:44  Gateway  
  17  0:51  Probe  
  18  1:03  Probe  
  19  1:15  Probe  
  20  1:24  Nexus  
  20  1:34  Cybernetics Core  
  20  1:37  Probe  
  21  1:42  Assimilator  
  21  1:49  Probe  
  22  1:58  Pylon  
  22  2:03  Probe  
  23  2:08  Stalker  
  23  2:16  Probe  
  23  2:21  Warp Gate  
  26  2:24  Twilight Council  
  26  2:28  Probe  
  27  2:33  Probe  
  28  2:38  Probe, Adept  
  28  2:41  Probe  
  31  2:46  Probe  
  31  2:51  Probe  
  33  2:55  Probe  
  34  3:02  Robotics Facility  
  35  3:06  Probe  
  35  3:08  Probe  
  37  3:14  Dark Shrine  
  37  3:20  Probe  
  37  3:21  Probe  
  39  3:27  Gateway  
  39  3:31  Gateway  
  39  3:35  Gateway  
  39  3:37  Probe  
  39  3:39  Probe  
  41  3:45  Warp Prism  
  41  3:47  Assimilator  
  41  3:49  Probe  
  41  3:51  Assimilator  
  44  3:56  Probe  
  44  4:02  Pylon  
  45  4:05  Probe, Pylon  
  46  4:18  Probe x2  
  46  4:30  Dark Templar, Probe x2  
  46  4:31  Dark Templar x3  
  56  4:37  Observer  
  57  4:40  Pylon  
  57  4:42  Probe x2  
  57  5:01  Probe  
  58  5:13  Nexus  
  58  5:14  Probe x2  
  58  5:16  Pylon  
  58  5:19  Archon  
  58  5:20  Dark Templar x2  
  58  5:21  Adept x2  
  68  5:25  Forge, Archon  
  68  5:27  Immortal  
  68  5:29  Probe x2  
  74  5:56  Immortal  
  74  6:02  Protoss Ground Weapons Level 1, Probe x2  
  74  6:03  Charge  
  76  6:14  Probe x2  
  78  6:22  Probe  
  78  6:25  Templar Archives  
  78  6:26  Probe  
  78  6:28  Templar Archives  
  78  6:30  Probe x2, Gateway  
  78  6:32  Gateway  
  80  6:35  Gateway  
  80  6:38  Sentry, Probe  
  80  6:39  Sentry, Gateway  
  87  6:47  Immortal  
  87  6:51  Probe  
  87  6:52  Probe  
  89  6:54  Assimilator, Pylon  
  89  6:58  Assimilator, Pylon  
  93  7:03  Pylon  
  92  7:09  Zealot  
  92  7:13  Probe  
  92  7:14  Zealot x3, Probe  
  101  7:17  Probe  
  96  7:24  Psionic Storm, Probe  
  96  7:25  Probe  
  96  7:26  Probe  
  96  7:30  Dark Templar  
  96  7:32  Probe  
  96  7:33  Probe  
  99  7:40  Probe  
  100  7:50  Probe  
  101  7:51  Probe  
  101  7:52  High Templar x3  
  101  7:54  Probe  
  110  8:02  Probe  
  110  8:03  Probe  
  110  8:04  Pylon  
  112  8:07  Dark Templar, High Templar, Pylon  
  112  8:09  Probe  
  112  8:12  Pylon  
  117  8:14  Pylon  
  117  8:15  Pylon  
  117  8:18  Immortal, Archon  
  117  8:21  Pylon  
  117  8:26  Probe  
  118  8:29  Protoss Ground Weapons Level 2  
  118  8:30  Dark Templar  
  123  8:34  Zealot x5  
  133  8:44  Photon Cannon  
  133  8:45  Shield Battery  
  133  8:51  Zealot  
  133  8:52  Zealot  
  137  8:57  High Templar x2  
  137  8:58  Zealot x3  
  137  8:59  Warp Prism  
  139  9:24  Probe  
  139  9:25  High Templar x2  
  139  9:26  Zealot x4  
  150  9:36  Immortal  
  154  9:39  Probe  
  155  9:46  High Templar  
  155  9:50  Pylon x2  
  157  10:09  Zealot x2  
  157  10:12  Pylon  
  157  10:15  Pylon  
  157  10:16  Photon Cannon x2, Pylon  
  157  10:17  Photon Cannon  
  157  10:18  Photon Cannon, Pylon  
  157  10:19  Pylon  
  157  10:20  Immortal, Pylon x2  
  155  10:23  Protoss Ground Weapons Level 3  
  155  10:25  Zealot x2  
  157  10:33  Zealot x6  
  149  10:49  Archon  
  131  10:50  Zealot x2, Immortal  
  131  10:57  Dark Templar x2  
  133  11:01  High Templar x2  
  135  11:06  High Templar x2  
  135  11:07  Archon  
  133  11:20  Immortal  
  133  11:21  Zealot x2  
  129  11:27  Gateway  
  129  11:29  Gateway  
  129  11:31  High Templar x2  
  137  11:39  Pylon  
  128  11:51  Zealot x3, Immortal, High Templar x3  
  130  12:04  Archon x2  
  130  12:06  Zealot x2  
  118  12:10  Probe  
  118  12:13  Zealot  
  118  12:14  Zealot x2, Probe  
  115  12:23  Zealot x4  
  115  12:24  Immortal  
  115  12:29  Archon  
  115  12:35  Zealot x4  
  114  12:37  Dark Templar  
  114  12:39  Probe  
  116  12:46  High Templar x4  
  114  12:52  Archon x2  
  114  12:55  Probe  
  111  12:59  Probe  
  111  13:01  Warp Prism  
  114  13:07  High Templar x3  
  114  13:11  Dark Templar  
  122  13:18  Pylon  
  110  13:23  Archon  
  110  13:25  Zealot  
  110  13:26  Zealot x4  
  110  13:27  Probe  
  102  13:41  Dark Templar x3  
  108  13:48  Nexus  
  108  13:52  Pylon  
  102  13:55  Dark Templar  
  102  13:56  Dark Templar  
  106  14:07  Zealot x2, Dark Templar x2  
  110  14:22  High Templar x2  
  110  14:24  Photon Cannon  
  114  14:25  Photon Cannon  
  114  14:27  Assimilator  
  114  14:33  High Templar  
  114  14:34  Zealot x2, High Templar  
  118  14:38  Archon  
  113  14:52  Zealot  
  113  14:53  Zealot x2  
  97  15:10  Zealot x2  
  97  15:11  Zealot x2  
  103  15:16  Nexus  
  103  15:18  Immortal  
  103  15:20  High Templar x4  
  109  15:22  Zealot  
  109  15:25  Archon  
  109  15:26  Archon  
  115  15:39  Pylon  
  113  15:50  Dark Templar  
  113  15:52  High Templar  
  113  15:53  Zealot x2, High Templar  
  123  15:59  Assimilator  
  123  16:05  Assimilator  
  123  16:06  Sentry  
  125  16:11  Stalker  
  125  16:18  Zealot  
  125  16:37  High Templar x2  
  125  16:38  Zealot x5  
  129  16:51  Photon Cannon  
  129  16:52  Photon Cannon  
  129  16:55  Shield Battery  
  129  17:07  Pylon  
  121  17:11  Zealot  
  121  17:12  Zealot x5  
  115  17:19  Archon  
  115  17:21  Zealot x3  
  105  17:27  Probe  
  88  17:35  High Templar x4  
  88  17:36  High Templar x2  
  100  17:39  Archon  
  100  17:40  Archon x2  
  100  17:42  Zealot  
  100  17:43  Zealot x2  
  90  18:03  High Templar x3  
  96  18:07  Pylon  
  96  18:08  Zealot x2, High Templar  
  96  18:09  Zealot  
  104  18:26  Zealot, High Templar  
  106  18:40  Zealot x3  
  100  18:59  Nexus  
  100  19:01  High Templar x2  
  104  19:03  High Templar  
  104  19:05  Archon  
  104  19:13  Zealot x2  
  108  19:17  Archon  
  98  19:34  Zealot x2  
  98  19:43  Dark Templar, Pylon  
  100  19:53  Sentry, High Templar x2  
  100  19:56  Zealot x3  
  112  20:01  Zealot x2  
  112  20:20  Dark Templar x2  
  114  20:27  Zealot x3  
  115  20:29  Archon  
  100  20:38  Zealot x3  
  100  20:39  Archon  
  72  20:50  Archon  
  72  20:52  Zealot x4  
  60  21:00  Zealot x2  
  50  21:05  Dark Templar  
  50  21:11  Dark Templar  
  53  21:15  High Templar  
  51  21:20  Zealot, High Templar  
  46  21:30  Zealot  
  45  21:38  Zealot  
  39  22:02  Zealot x2  
Tags
 
Add a new tag
Caveats
  • Supply blocks, unpowered buildings, or Contaminate may cause inaccurate times.
  • Supply counts are checked every 10 seconds.